 Dungeon Crawl Stone Soup version 0.14.2 (webtiles) character file.

132 Amnesiac the Charlatan (level 4, 0/22 HPs)
             Began as a Spriggan Artificer on Feb 4, 2018.
             Succumbed to an adder's poison
             ... on Level 2 of the Dungeon.
             The game lasted 00:02:20 (2275 turns).

Amnesiac the Charlatan (Spriggan Artificer)         Turns: 2275, Time: 00:02:20

HP   0/22        AC  2     Str  7      XL: 4   Next: 28%
MP  12/12        EV 20     Int 13      God:
Gold 45          SH  0     Dex 17      Spells:  0 memorised,  3 levels left

rFire  + . .     SeeInvis +     a - +0 short sword
rCold  + . .     Clarity  .     e - +0 robe
rNeg   . . .     Conserve .     (shield restricted)
rPois  +         rCorr    .     (helmet restricted)
rElec  +         rRot     .     (no cloak)
SustAb . .       Spirit   .     (gloves unavailable)
rMut   .         Warding  .     (boots unavailable)
Saprov . . .     Stasis   .     (no amulet)
MR     .....                    (no ring)
                                (no ring)

@: lethally poisoned, very quick, not resistant to hostile enchantments, fairly
stealthy
A: unfitting armour, see invisible, herbivore 3, speed 3, slow metabolism 2
a: no special abilities


You were on level 2 of the Dungeon.
You were very full.

You visited 1 branch of the dungeon, and saw 2 of its levels.

You collected 45 gold pieces.

Inventory:

Hand weapons
 a - a +0,+0 short sword (weapon)
Missiles
 f - 4 poisoned darts (quivered)
 j - 32 poisoned needles
Armour
 e - a +0 robe (worn)
Magical devices
 b - a wand of flame (14)
 c - a wand of enslavement (15)
 d - a wand of random effects (11)
Comestibles
 g - a choko
 p - a pear
 q - 2 bread rations
 t - an apple
Scrolls
 i - a scroll of enchant weapon I {!r, unknown}
 k - a scroll of fog {!r, unknown}
 l - a scroll of identify {!r, unknown}
 m - a scroll of teleportation {!r, unknown}
 n - a scroll of remove curse {!r, unknown}
 o - a scroll of amnesia {!r, unknown}
 s - a scroll of enchant armour {!r, unknown}
Potions
 r - a potion of magic {!q}


   Skills:
 - Level 1.0 Fighting
 - Level 1.1 Short Blades
 + Level 4.8 Dodging
 - Level 1.5 Stealth
 * Level 6.0 Evocations


You had 3 spell levels left.
You didn't know any spells.

Dungeon Overview and Level Annotations

Branches:
Dungeon (2/15)

Altars:


Innate Abilities, Weirdness & Mutations

You are tiny and cannot use many weapons and most armour.
You have supernaturally acute eyesight.
You are a herbivore.
You cover ground extremely quickly.
You need consume almost no food.


Message History

Your Evocations skill increases to level 6!
You feel sick.
You barely miss the kobold. The kobold hits you with a club.
* * * LOW HITPOINT WARNING * * *
You barely miss the kobold.
* * * LOW HITPOINT WARNING * * *
You feel sick. The kobold barely misses you.
A kobold comes into view.
You barely miss the kobold.
* * * LOW HITPOINT WARNING * * *
You feel sick.
The kobold shouts!
The kobold barely misses you.
You hit the kobold.
The kobold is heavily wounded.
The kobold hits you but does no damage.
You barely miss the kobold.
The kobold is heavily wounded.
* * * LOW HITPOINT WARNING * * *
You feel sick. The kobold misses you.
You closely miss the kobold.
The kobold is heavily wounded.
The kobold barely misses you.
You hit the kobold but do no damage.
The kobold is heavily wounded.
The kobold barely misses you.
You hit the kobold.
You kill the kobold!
* * * LOW HITPOINT WARNING * * *
You feel sick.
You are too injured to fight recklessly!
You are too injured to fight recklessly!
You are too injured to fight recklessly!
You are too injured to fight recklessly!
You are too injured to fight recklessly!
You barely miss the kobold. The kobold hits you.
* * * LOW HITPOINT WARNING * * *
You hit the kobold.
You kill the kobold!
* * * LOW HITPOINT WARNING * * *
You feel sick.
There is a lethal amount of poison in your body!
There is a lethal amount of poison in your body!
Drink which item? (? for menu, Esc to quit)
Really quaff
r - 2 glowing cyan potions {!q}?
Magic courses through your body.
It was a potion of magic {!q}.
Drink which item? (? for menu, Esc to quit)
You can't drink that!
Unknown command.
Drink which item? (? for menu, Esc to quit)
Really quaff
h - a fuming blue potion {!q}?
You feel protected.
It was a potion of resistance {!q}.
Items here: $ %%% ) [
* * * LOW HITPOINT WARNING * * *
You feel sick.
Found a robe.
A goblin comes into view. It is wielding a dagger.
* * * LOW HITPOINT WARNING * * *
You feel sick.
Found a pear.
* * * LOW HITPOINT WARNING * * *
You feel sick.
You die...

##############
###[..K........#
#...#..#.....#.#
##...#..#.....#@#
##...###.##...##.#
....K# #..#...#..# ###
#...## ##.##.##..#
####.. #...# . ..#%#...#
#######..'.. ##.##
.[##.###..[#
#.......##.. ...#
....#..#...##
###.########..
#..#.....#..#...####...#
#.. %..............#
#.>.### #..


There were no monsters in sight!

Vanquished Creatures
  Ijyb (D:2)
  2 adders (D:2)
  A worm (D:2)
  6 goblins
  8 hobgoblins
  4 kobolds (D:2)
  2 quokkas (D:2)
  12 bats
  A giant cockroach (D:1)
  A giant gecko (D:1)
  4 giant newts
  3 jackals (D:1)
  6 rats
51 creatures vanquished.

Notes
Turn   | Place    | Note
--------------------------------------------------------------
     0 | D:1      | Amnesiac, the Spriggan Artificer, began the quest for the Orb.
     0 | D:1      | Reached XP level 1. HP: 9/9 MP: 2/2
    51 | D:1      | Reached skill level 1 in Fighting
   423 | D:1      | Reached XP level 2. HP: 14/14 MP: 5/5
  1678 | D:2      | Reached XP level 3. HP: 16/18 MP: 8/8
  1714 | D:2      | Noticed Terence
  1765 | D:2      | Reached skill level 5 in Evocations
  2052 | D:2      | Noticed Ijyb
  2067 | D:2      | Killed Ijyb
  2072 | D:2      | Reached XP level 4. HP: 12/22 MP: 11/11
  2241 | D:2      | Reached skill level 6 in Evocations
  2261 | D:2      | HP: 1/22 [poisoned by an adder]
  2268 | D:2      | HP: 1/22 [poisoned by an adder]
  2275 | D:2      | Succumbed to an adder's poison

Action                   |  1- 3 |  4- 6 || total
-------------------------+-------+-------++-------
Melee: Short sword       |   165 |    30 ||   195
Evoke: Wand              |     5 |       ||     5
  Use: Potion            |     1 |     2 ||     3
 Stab: Sleeping          |     2 |       ||     2
       Betrayed ally     |     1 |       ||     1
